AoeStats
← cmd

Fortress

508024937Analyzed
3v3 RM · 11d ago on Sep 20, 2026· 32m 47s· 6 players
Game mode
Random Map
Map size
Large (8 player)
Population
200
Speed
Normal
Resources
Standard
Victory
Conquest
Starting age
Dark Age
Ending age
Imperial Age
RankedLock teamsTeams togetherTeam positionsShared explorationLock speedFull tech treeHidden civsTurbo modeCheats
Victory
Defeat
🇫🇷 Bulgarians · France
1134
+11
🇪🇸 Bohemians · Spain
990
+17
🇪🇸 Turks · Spain
985
+17
🇩🇪 Spanish · Germany
1054
-17
🇩🇪 Bohemians · Germany
1035
-16
🇩🇪 Goths · Germany
935
-12
helo
9:02 Feudal Age
13:05 Castle Age
12:58 Horse Collar
13:09 Double-Bit Axe
17:24 Wheelbarrow
17:53 Loom
18:50 Bow Saw
20:20 Hand Cart
25:32 Imperial Age
25:47 Elite Hussite Wagon
29:54 Two-Man Saw
cmd
7:53 Loom
9:38 Feudal Age
10:51 Double-Bit Axe
10:55 Horse Collar
13:57 Castle Age
12:01 Gold Mining
15:07 Bow Saw
16:22 Heavy Plow
17:41 Anarchy
18:17 Forging
18:09 Scale Mail Armor
19:14 Wheelbarrow
22:38 Hand Cart
27:38 Imperial Age
25:34 Squires
24:56 Pikeman
26:15 Iron Casting
27:02 Chain Mail Armor
29:29 Blast Furnace
28:33 Perfusion
28:55 Conscription
28:53 Halberdier
31:17 Crop Rotation
noname
9:19 Feudal Age
7:40 Loom
12:16 Double-Bit Axe
12:14 Horse Collar
14:44 Castle Age
12:36 Loom
13:31 Wheelbarrow
16:15 Padded Archer Armor
17:11 Bow Saw
18:08 Leather Archer Armor
19:00 Gold Mining
19:11 Heavy Plow
19:50 Town Watch
21:16 Fervor
22:38 Wheelbarrow
25:27 Fletching
25:41 Elite Skirmisher
27:02 Bodkin Arrow
27:52 Thumb Ring
31:39 Redemption
Pat
8:56 Feudal Age
13:47 Castle Age
11:55 Double-Bit Axe
11:57 Horse Collar
17:43 Imperial Age
16:20 Bow Saw
17:52 Chemistry
20:03 Loom
22:44 Padded Archer Armor
25:59 Heavy Plow
26:39 Wheelbarrow
CDS95
8:30 Feudal Age
12:49 Castle Age
10:37 Double-Bit Axe
11:15 Horse Collar
11:34 Gold Mining
13:36 Loom
16:03 Wheelbarrow
18:54 Heavy Plow
20:17 Bow Saw
25:16 Imperial Age
23:34 Bloodlines
23:26 Husbandry
24:17 Forging
24:08 Padded Archer Armor
24:14 Scale Barding Armor
25:17 Iron Casting
25:16 Stone Mining
26:16 Hand Cart
27:27 Leather Archer Armor
28:25 Two-Man Saw
28:44 Guilds
28:39 Caravan
30:31 Blast Furnace
29:52 Chain Barding Armor
30:03 Ring Archer Armor
31:43 Town Watch
Korchaguin
9:21 Feudal Age
10:13 Double-Bit Axe
10:10 Horse Collar
13:10 Wheelbarrow
13:03 Gold Mining
15:15 Castle Age
16:27 Gambesons
17:35 Stirrups
17:57 Forging
17:53 Scale Barding Armor
20:43 Iron Casting
20:09 Scale Mail Armor
21:13 Heavy Plow
22:40 Hand Cart
25:17 Imperial Age
23:10 Arson
23:36 Squires
24:14 Iron Casting
23:54 Scale Mail Armor
25:19 Chain Mail Armor
27:31 Blast Furnace
27:38 Plate Mail Armor
29:12 Conscription
33:24 Bagains
Connection lost

Rejoining the realm…

Still unreachable

The connection could not be restored.

Session expired

The server has moved on; the page needs a fresh start.